 Dungeon Crawl Stone Soup version 0.21-a0-221-gfe971b9 (webtiles) character file.

205 4thArraOfDagon the Ruffian (level 5, -1/50 HPs)
             Began as a Troll Monk on Aug 24, 2017.
             Slain by a gnoll
             ... wielding a +0 spear
              (4 damage)
             ... on level 4 of the Dungeon.
             The game lasted 00:02:37 (825 turns).

4thArraOfDagon the Ruffian (Troll Monk)              Turns: 825, Time: 00:02:37

Health: -1/50      AC:  5    Str: 19    XL:     5   Next: 53%
Magic:  4/4        EV: 10    Int:  7    God:
Gold:   9          SH:  0    Dex: 12    Spells: 4/4 levels left

rFire    . . .     SeeInvis .     - Unarmed
rCold    . . .     Gourm    +   (no shield)
rNeg     . . .     Faith    .   a - +0 robe
rPois    .         Spirit   .   (helmet restricted)
rElec    .         Reflect  .   (no cloak)
rCorr    .         Harm     .   (gloves unavailable)
MR       .....                  (boots unavailable)
Stlth    ++........             (no amulet)
HPRegen  0.56/turn              (no ring)
MPRegen  0.09/turn              (no ring)

@: lethally poisoned (-1 -> -1)
A: unfitting armour, claws 3, fast metabolism 3, gourmand, regeneration 1,
shaggy fur 1, tough skin 2
a: no special abilities


You were on level 4 of the Dungeon.
You were not hungry.

You visited 1 branch of the dungeon, and saw 4 of its levels.

You collected 9 gold pieces.

Inventory:

Missiles
 g - 7 javelins of returning (quivered)
Armour
 a - a +0 robe (worn)
Scrolls
 c - a scroll of identify {unknown}
 d - 2 scrolls of teleportation {unknown}
 e - a scroll of enchant weapon {unknown}
Comestibles
 b - 4 bread rations
 f - 2 meat rations


   Skills:
 - Level 2.4 Fighting
 - Level 2.4 Dodging
 - Level 1.0 Stealth
 * Level 6.3 Unarmed Combat


You had 4 spell levels left.
You didn't know any spells.

Dungeon Overview and Level Annotations

Branches:
Dungeon (4/15)
 Temple: D:4-7

Altars:


Innate Abilities, Weirdness & Mutations

You are too large for most types of armour.
You have claws for hands.
Your metabolism is lightning-fast.
You like to eat raw meat.
Your natural rate of healing is unusually fast.
You are covered in fur. (AC +1)
You have very tough skin. (AC +2)


Message History

A giant cockroach comes into view.
You barely miss the gnoll. The gnoll closely misses you. The gnoll hits you.
* * * LOW HITPOINT WARNING * * *
You barely miss the gnoll.
You feel sick.
The gnoll hits you from afar with a spear.
* * * LOW HITPOINT WARNING * * *
The gnoll barely misses you.
You barely miss the gnoll.
The gnoll hits you from afar with a spear.
* * * LOW HITPOINT WARNING * * *
Unknown command.
You barely miss the gnoll. Your claw misses the gnoll.
You feel sick. The gnoll hits you.
* * * LOW HITPOINT WARNING * * *
The gnoll barely misses you.
You completely miss the gnoll. The gnoll hits you.
* * * LOW HITPOINT WARNING * * *
You barely miss the gnoll.
You feel sick.
The gnoll hits you from afar with a spear.
You die...

#.#.#...#
#(....gg.#
..#.#.###
#.#.#....#
....#.#
#.......###
....#.#
#.#.........#
###.#.#
#.....#### #.#.#
###.#....# ..#.#
# #.##g# ####.#
#.#.##g# #....#
#.#.##@# #.####
#......#
#.##########.####
#..........#.#
##########...#
###.# ###


You could see 2 gnolls.

Vanquished Creatures
  A scorpion (D:4)
  A hound (D:4)
  A worker ant (D:4)
  5 gnolls (D:4)
  3 adders (D:4)
  A worm (D:3)
  A dart slug (D:4)
  An orc (D:4)
  A ball python (D:4)
  A giant cockroach (D:4)
  3 jackals (D:4)
  A quokka (D:4)
  2 bats (D:3)
  A frilled lizard (D:4)
23 creatures vanquished.

Notes
Turn   | Place    | Note
-------+----------+-------------------------------------------
     0 | D:1      | 4thArraOfDagon the Troll Monk began the quest for the Orb.
     0 | D:1      | Reached XP level 1. HP: 22/22 MP: 0/0
   245 | D:3      | HP: 1/22 [worm (5)]
   318 | D:4      | Noticed a worker ant
   326 | D:4      | Killed a worker ant
   326 | D:4      | Reached skill level 4 in Unarmed Combat
   326 | D:4      | Reached XP level 2. HP: 25/29 MP: 1/1
   326 | D:4      | Reached XP level 3. HP: 31/36 MP: 2/2
   434 | D:4      | Reached skill level 5 in Unarmed Combat
   434 | D:4      | Reached XP level 4. HP: 24/44 MP: 3/3
   796 | D:4      | ROTFL
   811 | D:4      | Reached skill level 6 in Unarmed Combat
   811 | D:4      | Reached XP level 5. HP: 27/50 MP: 4/4
   825 | D:4      | Slain by a gnoll

Vault maps used:
D:1:      dpeg_arrival_simpleton_c, minmay_pentomino_t2
D:2:      kennysheep_big_empty_room, grunt_ministairs_15, uniq_sigmund
D:4:      first_bread, grunt_gozag_breadcrumbs, uniq_blork_the_orc

Skill      XL: |  1  2  3  4 |
---------------+-------------+-----
Unarmed Combat | 4 5 6 |  6.3
Fighting       | |  2.4
Dodging        | |  2.4
Stealth        | |  1.0

Action                   |  1- 3 |  4- 6 || total
-------------------------+-------+-------++-------
Melee: Unarmed           |    44 |    39 ||    83
       Punch             |       |     1 ||     1
 Stab: Sleeping          |       |     1 ||     1
  Eat: Chunk             |     5 |     3 ||     8
Armor: Robe              |     7 |    10 ||    17
Dodge: Dodged            |    20 |    21 ||    41

Table legend:
 A = Spawn XP
 B = Non-spawn XP
 C = Spawn XP percentage of total XP
 D = Spawn monster count
 E = Non-spawn monster count
 F = Spawn count percentage of total count
 G = Total turns spent on level
                    A         B        C        D         E        F      G
               +---------+---------+-------+---------+---------+-------+---------
         Total |      45 |     249 |  15.3 |       1 |      22 |   4.3 |   825
               +---------+---------+-------+---------+---------+-------+---------
           D:3 |       0 |       8 |   0.0 |       0 |       3 |   0.0 |   111
           D:4 |      45 |     241 |  15.7 |       1 |      19 |   5.0 |   507
               +---------+---------+-------+---------+---------+-------+---------
